cohdb
Replays
Latest Replays
All Replays
Popular Replays
Top Player Replays
Match Explorer
How It Works
Community
CoH3 Stats
Reddit
Sign in to upload your games and track your stats! →
Sign in with Steam
Match 42879024
Unlisted
Match 42879024
Overview
Messages
Build Orders
End
Construct Section Command Post
Selects Australian Defense Battlegroup
Selects Australian Light Infantry Section
Australian Light Infantry Section
Vickers Machine Gun Team
Infantry Section
Infantry Section
Construct Platoon Command Post
Ra11
aSIINiedi
Tomsch
Ashur
0
0
Comments
sign in to comment!
No comments posted yet!